 Dungeon Sprint DCSS version 0.30.1-4-g462c640d31 (webtiles) character file.

Game seed: 15216084881079174177

431 Heoruswealwe the Imperceptible (level 6, -19/29 HPs)
             Began as a Spriggan Artificer on Aug 31, 2023.
             Demolished by Sonja
             ... wielding a +2 short sword of distortion
              (20 damage)
             ... in the Dungeon (Sprint I: "Red Sonja").
             The game lasted 00:04:02 (270 turns).

Heoruswealwe the Imperceptible (Spriggan Artificer)  Turns: 270, Time: 00:04:04

Health: -19/29     AC:  2    Str:  8    XL:     6   Next: 66%
Magic:  7/7        EV: 18    Int: 13    God:
Gold:   302        SH:  0    Dex: 17    Spells: 5/5 levels left

rFire   . . .        a - +0 club
rCold   . . .        (no shield)
rNeg    . . .        b - +0 robe
rPois   .            (helmet restricted)
rElec   .            (no cloak)
rCorr   .            (gloves unavailable)
SInv    +            (boots unavailable)
Will    +....        (no amulet)
Stlth   ++++++++     (no ring)
HPRegen 0.24/turn    (no ring)
MPRegen 0.10/turn

%: no teleportation
@: very quick
A: very small, no large weapons, unfitting armour, see invisible, speed 3
a: no special abilities


You were in the Dungeon.
You visited 1 branch You collected 383 gold pieces.
You spent 81 gold pieces at shops.

Inventory:

Hand Weapons
 a - a +0 club (weapon)
Armour
 b - a +0 robe (worn)
Wands
 d - a wand of charming (15)
 l - a wand of digging (4)
Scrolls
 j - a scroll of magic mapping {unknown}
 k - a scroll of blinking
 m - a scroll of identify {unknown}
 n - a scroll of amnesia {unknown}
Potions
 f - a potion of curing
 g - a potion of heal wounds
 h - a potion of flight {unknown}
 i - 2 potions of magic


   Skills:
 - Level 0.7 Fighting
 - Level 3.2 Dodging
 + Level 21.1 Stealth
 - Level 4.0 Evocations


You had 5 spell levels left.
You didn't know any spells.
Your spell library was empty.

Dungeon Overview and Level Annotations

Branches:
Dungeon (1/1)

Altars:
Cheibriados
Dithmenos
Elyvilon
Fedhas
Gozag
Hepliaklqana
Kikubaaqudgha
Nemelex Xobeh
Okawaru
Qazlal
Ru
Sif Muna
Trog
Uskayaw
Vehumet
Wu Jian
Yredelemnul
Zin
The Shining One

Shops:
D *

Annotations:
D Sonja


Innate Abilities, Weirdness & Mutations

You are very small and have problems with some larger weapons.
You are too small for most types of armour.
You have supernaturally acute eyesight. (SInv)
You cover ground extremely quickly. (Speed+++)


Message History

n - a scroll labelled UZESUZ NUEKALU Thank you for shopping at Ahiecoev's Assorted Antiques!
There is an open door here.
You open the door.
Sonja, the Graceful Assassin comes into view.
She is wielding a +2 short sword of distortion and quivering curare-tipped darts.
Found 108 gold pieces.
Aiming: Iceblast
Press: ? - help, Shift-Dir - straight line, f - Sonja
Aim: Sonja, wielding a +2 short sword of distortion and quivering curare-tipped darts (asleep)
The mass of ice explodes!
The iceblast engulfs Sonja!
Sonja is heavily wounded.
Sonja shouts!
The now-empty wand crumbles to dust.
Sonja throws a curare-tipped dart.
The curare-tipped dart completely misses you.
The puff of flame misses Sonja.
The now-empty wand crumbles to dust.
Sonja casts a spell.
Sonja blinks!
You barely miss Sonja.
Sonja is heavily wounded.
Sonja closely misses you.
Sonja hits you with a +2 short sword of distortion.
Space warps horribly around you!
Sonja hits you with a +2 short sword of distortion.
* * * LOW HITPOINT WARNING * * *
Sonja gestures wildly while chanting.
Sonja blinks!
Sonja throws a curare-tipped dart.
The curare-tipped dart barely misses you.
There is a radiant altar of Vehumet here.
There is an open door here.
There is an open door here.
Sonja mumbles some strange words.
Sonja blinks!
You closely miss Sonja.
Sonja is heavily wounded.
Sonja hits you with a +2 short sword of distortion!
* * * LOW HITPOINT WARNING * * *
Space warps horribly around you!!
Ouch! That really hurt!
You die...

################
#<.#..'..#..'..#
#..)).#..'..#..+
#.)#####'#####'#
#..####..#...#.#
#..#__####..##.#
#..#_____##K#_.+
#⌠⌠#_.∩...'@.._#
##.#_..__##_.#'#
#..#_____###'#.#
########## #§###
$.$ $.$# ##.##
#+#


You could see Sonja.

Vanquished Creatures
  Sigmund (D)
  A yak (D)
  An ogre (D)
  A jelly (D)
  Ijyb (D)
5 creatures vanquished.

Notes
Turn   | Place    | Note
-------+----------+-------------------------------------------
     0 | D        | Heoruswealwe the Spriggan Artificer began the quest for the
                  | Orb.
     0 | D        | Reached XP level 1. HP: 9/9 MP: 2/2
     1 | D        | Noticed Ijyb
     3 | D        | Killed Ijyb
     4 | D        | Reached skill level 9 in Stealth
     4 | D        | Reached XP level 2. HP: 14/14 MP: 3/3
    28 | D        | Noticed an ogre
    38 | D        | Killed an ogre
    39 | D        | Reached skill level 13 in Stealth
    39 | D        | Reached XP level 3. HP: 17/17 MP: 4/4
    39 | D        | Reached XP level 4. HP: 21/21 MP: 5/5
    56 | D        | Noticed Sigmund
    84 | D        | Killed Sigmund
    85 | D        | Reached skill level 18 in Stealth
    85 | D        | Reached XP level 5. HP: 6/25 MP: 6/6
   171 | D        | Found an ornate altar of the Wu Jian Council.
   171 | D        | Found a shimmering blue altar of Sif Muna.
   176 | D        | Reached skill level 19 in Stealth
   176 | D        | Reached XP level 6. HP: 29/29 MP: 7/7
   176 | D        | Found a radiant altar of Vehumet.
   204 | D        | Found Ahiecoev's Assorted Antiques.
   204 | D        | Found an ancient bone altar of Kikubaaqudgha.
   204 | D        | Found a hazy altar of Hepliaklqana.
   204 | D        | Found a stormy altar of Qazlal.
   204 | D        | Found a hide-covered altar of Uskayaw.
   204 | D        | Found a blossoming altar of Fedhas.
   204 | D        | Found a bloodstained altar of Trog.
   204 | D        | Found an iron altar of Okawaru.
   204 | D        | Found a basalt altar of Yredelemnul.
   204 | D        | Found a glowing golden altar of the Shining One.
   204 | D        | Found a snail-covered altar of Cheibriados.
   204 | D        | Found a sacrificial altar of Ru.
   204 | D        | Found a glowing silver altar of Zin.
   204 | D        | Found a shadowy altar of Dithmenos.
   204 | D        | Found a white marble altar of Elyvilon.
   204 | D        | Noticed a yak
   230 | D        | Killed a yak
   231 | D        | Reached skill level 21 in Stealth
   249 | D        | Found an opulent altar of Gozag.
   250 | D        | Found a sparkling altar of Nemelex Xobeh.
   254 | D        | Bought a scroll labelled JEGYON SARR for 27 gold pieces
   254 | D        | Bought a scroll labelled IMNE JILULOELE for 27 gold pieces
   254 | D        | Bought a scroll labelled UZESUZ NUEKALU for 27 gold pieces
   260 | D        | Noticed Sonja
   270 | D        | HP: 1/29 [Sonja/+2 short sword of distortion (7)]
   270 | D        | Demolished by Sonja

Illustrated notes

Levels and vault maps discovered:
D:        dungeon_sprint_1 [red_sonja_temple_1, red_sonja_temple_small_1]

Skill      XL: |  1  2  3  4  5  6 |
---------------+-------------------+-----
Stealth        | 9 13 18 19 21 | 21.1
Fighting       | |  0.7
Dodging        | |  3.2
Evocations     | |  4.0

Action                     |  1- 3 |  4- 6 || total
---------------------------+-------+-------++-------
  Melee: Club              |       |    10 ||    10
  Evoke: Wand              |     7 |    14 ||    21
    Use: Potion            |       |     2 ||     2
  Dodge: Dodged            |       |     7 ||     7
